 Dungeon Sprint DCSS version 0.23.1 (webtiles) character file.

Game seed: 15010617388327696074

12775 dvd the Covert (level 11, -2/72 HPs)
             Began as an Octopode Fire Elementalist on Mar 6, 2019.
             Killed from afar by an ice dragon (29 damage)
             ... with a blast of cold
             ... in the Dungeon (Sprint V: "Ziggurat Sprint").
             The game lasted 00:18:23 (1444 turns).

dvd the Covert (Octopode Fire Elementalist)         Turns: 1444, Time: 00:18:23

Health: -2/72      AC:  4    Str: 22    XL:     11   Next: 98%
Magic:  26/44      EV: 16    Int: 32    God:
Gold:   0          SH: 32    Dex: 25    Spells: 1/32 levels left

rFire    + . .     SeeInvis +   D - +8 lance "Wyrmbane" {slay drac, rPois rF+ rC+ AC+3}
rCold    + . .     Gourm    .   C - +18 shield of the Gong {rElec rN+ MR+ EV-5}
rNeg     + . .     Faith    .   (helmet restricted)
rPois    +         Spirit   .   (no amulet)
rElec    +         Reflect  .   w - +6 ring of dexterity
rCorr    .         Harm     .   x - +6 ring of dexterity
MR       +....     NoTele   +   y - +6 ring of intelligence
Stlth    +++++++...             z - +6 ring of intelligence
HPRegen  0.22/turn              A - +6 ring of strength
MPRegen  0.29/turn              B - +6 ring of strength
                                R - ring of magical power
                                K - ring of Zuni {MP+9 Str+2 SInv}

@: frozen, studying 3 skills, very slow
A: almost no armour, stealthy swim, amphibious, 8 rings, constrict 8, camouflage
1, gelatinous body 1
a: no special abilities


You were in the Dungeon.
You were not hungry.

You visited 1 branch

Inventory:

Hand Weapons
 D - the +8 lance "Wyrmbane" (weapon) {slay drac, rPois rF+ rC+ AC+3}
   (You found it in the Dungeon)

   It affects your AC (+3).
   It protects you from fire.
   It protects you from cold.
   It protects you from poison.
 E - the +7 Singing Sword {slice, sonic wave}
   (You found it in the Dungeon)

   It inflicts extra damage upon your enemies.
 F - the +6 Majin-Bo {vamp, Archmagi MP+6 Int+6}
   (You found it in the Dungeon)

   It inflicts no extra harm, but heals its wielder when it wounds a living foe.
   It affects your intelligence (+6).
   It affects your magic capacity (+6).
 G - the +6 shillelagh "Devastator" {shatter}
   (You found it in the Dungeon)
 H - the +0 sword of Power
   (You found it in the Dungeon)
 M - the +9 hand axe of Mevizuf {flame, rF+}
   (You found it in the Dungeon)

   It has been specially enchanted to burn those struck by it, causing extra
   injury to most foes and up to half again as much damage against particularly
   susceptible opponents.
   Big, fiery blades are also staple armaments of hydra-hunters.
   It protects you from fire.
 U - the +10 mace "Icwahos" {drain, rElec MR+}
   (You found it in the Dungeon)

   A truly terrible weapon, it drains the life of those it strikes.
   It insulates you from electricity.
   It affects your resistance to hostile enchantments.
 V - the +4 morningstar "Tusaph" {freeze, MR++ Dex+4}
   (You found it in the Dungeon)

   It has been specially enchanted to freeze those struck by it, causing extra
   injury to most foes and up to half again as much damage against particularly
   susceptible opponents.
   It can also slow down cold-blooded creatures.
   It affects your dexterity (+4).
   It affects your resistance to hostile enchantments.
Armour
 C - the +18 shield of the Gong (worn) {rElec rN+ MR+ EV-5}
   (You found it in the Dungeon)

   It affects your evasion (-5).
   It insulates you from electricity.
   It protects you from negative energy.
   It affects your resistance to hostile enchantments.
Jewellery
 w - a +6 ring of dexterity (left tentacle)
 x - a +6 ring of dexterity (right tentacle)
 y - a +6 ring of intelligence (on tentacle)
 z - a +6 ring of intelligence (on tentacle)
 A - a +6 ring of strength (on tentacle)
 B - a +6 ring of strength (on tentacle)
 I - a +2 ring of intelligence
 K - the ring of Zuni (on tentacle) {MP+9 Str+2 SInv}
   (You found it in the Dungeon)

   [ring of magical power]

   It affects your strength (+2).
   It affects your magic capacity (+9).
   It lets you see invisible.
 L - the ring of Devotion {Fire +Fly Str+7 Slay-3 SInv}
   (You found it in the Dungeon)

   [ring of fire]

   It enhances your fire magic.
   It affects your strength (+7).
   It affects your accuracy and damage with ranged weapons and melee attacks
   (-3).
   It protects you from fire.
   It makes you vulnerable to cold.
   It lets you see invisible.
   It lets you fly.
 R - a ring of magical power (on tentacle)
 T - the ring of Wall {rPois Int+4 Dex+2}
   (You found it in the Dungeon)

   [ring of intelligence]

   It affects your intelligence (+4).
   It affects your dexterity (+2).
   It protects you from poison.
Wands
 t - a wand of disintegration (7)
 u - a wand of iceblast (5)
 v - a wand of acid (7)
Scrolls
 a - 3 scrolls of amnesia
 h - 4 scrolls of blinking
 i - 7 scrolls of fog
 j - a scroll of holy word
 k - 5 scrolls of identify
 l - 5 scrolls of remove curse
 m - 2 scrolls of fear
 P - a scroll of brand weapon
Potions
 c - 5 potions of curing
 d - 3 potions of heal wounds
 e - 10 potions of haste
 f - 7 potions of magic
 g - 2 potions of berserk rage
 n - a potion of brilliance
 o - a potion of invisibility
 p - 4 potions of resistance
 r - 6 potions of agility
 s - 5 potions of might
Books
 q - a manual of Spellcasting
 J - a manual of Poison Magic
 O - a manual of Earth Magic
Miscellaneous
 N - a crystal ball of energy
 S - 4 boxes of beasts
Comestibles
 b - 7 rations


   Skills:
 + Level 6.1 Fighting
 + Level 1.6 Long Blades
 + Level 11.0 Polearms
 + Level 8.3 Dodging
 + Level 13.1 Stealth
 * Level 11.6 Shields
 + Level 11.3 Spellcasting
 * Level 10.0 Conjurations
 + Level 2.0 Charms
 + Level 2.7 Translocations
 + Level 13.1 Fire Magic
 * Level 11.7 Poison Magic
 + Level 0.8 Evocations


You had one spell level left.
You knew the following spells:

 Your Spells              Type           Power        Failure   Level  Hunger
a - Irradiate             Conj/Tmut      ######....   14%         5    ##.....
b - Fireball              Conj/Fire      #######...   1%          5    ##.....
c - Shroud of Golubria    Chrm/Tloc      ####......   2%          2    None
d - Bolt of Fire          Conj/Fire      #######...   5%          6    ####...
e - Blink                 Tloc           N/A          1%          2    None
f - Venom Bolt            Conj/Pois      ######....   1%          5    ##.....
g - Deflect Missiles      Chrm/Air       ###.......   99%         6    ####...

Your spell library contained the following spells:

 Spells                   Type           Power        Failure   Level  Hunger
 Apportation              Tloc           #####.       1%          1    None
 Flame Tongue             Conj/Fire      #####        1%          1    None
 Magic Dart               Conj           ####         1%          1    None
 Animate Skeleton         Necr           N/A          4%          1    None
 Pain                     Necr           ###.         4%          1    None
 Sandblast                Erth           ###...       4%          1    None
 Summon Small Mammal      Summ           ###.         4%          1    None
 Searing Ray              Conj           ######       1%          2    None
 Throw Flame              Conj/Fire      ######       1%          2    None
 Conjure Flame            Conj/Fire      #######.     1%          3    None
 Dazzling Spray           Conj/Hex       ######       1%          3    None
 Inner Flame              Hex/Fire       ######..     1%          3    None
 Mephitic Cloud           Conj/Pois/Air  ######..     1%          3    None
 Stone Arrow              Conj/Erth      ######       1%          3    None
 Iskenderun's Mystic Bla  Conj           ######..     1%          4    None
 Sticky Flame             Conj/Fire      #######.     1%          4    None
 Force Lance              Conj/Tloc      ######..     3%          4    None
 Swiftness                Chrm/Air       ###.....     4%          2    None
 Fulminant Prism          Conj/Hex       ######....   4%          4    None
 Call Imp                 Summ           ###.....     6%          2    None
 Passwall                 Tmut/Erth      ###.....     6%          2    None
 Slow                     Hex            ###.....     6%          2    None
 Portal Projectile        Hex/Tloc       ####..       7%          3    None
 Recall                   Summ/Tloc      N/A          7%          3    None
 Regeneration             Chrm/Necr      ###.......   8%          3    None
 Spectral Weapon          Hex/Chrm       ###.....     8%          3    None
 Alistair's Intoxication  Tmut/Pois      ######..     10%         5    ##.....
 Iskenderun's Battlesphe  Conj/Chrm      ######..     10%         5    ##.....
 Vampiric Draining        Necr           ###.......   12%         3    None
 Animate Dead             Necr           N/A          38%         4    None
 Cause Fear               Hex            ###.......   38%         4    None
 Petrify                  Tmut/Erth      ###.....     38%         4    None
 Summon Forest            Summ/Tloc      ####......   54%         5    ##.....
 Aura of Abjuration       Summ           ###.......   75%         5    ##.....
 Lee's Rapid Deconstruct  Erth           ###.......   75%         5    ##.....
 Summon Demon             Summ           ###.......   75%         5    ##.....
 Summon Mana Viper        Hex/Summ       ###.....     75%         5    ##.....
 Hydra Form               Tmut           ###.......   99%         6    ####...
 Shadow Creatures         Summ           N/A          99%         6    ####...
 Statue Form              Tmut/Erth      ###......    99%         6    ####...
 Dragon Form              Tmut           ###.......   100%        7    ######.
 Controlled Blink         Tloc           N/A          100%        8    #######
 Dragon's Call            Summ           ###.......   100%        9    #######


Dungeon Overview and Level Annotations

Branches:
Dungeon (1/1)

Altars:
Ashenzari
Cheibriados
Dithmenos
Elyvilon
Fedhas
Gozag
Hepliaklqana
Kikubaaqudgha
Makhleb
Nemelex Xobeh
Okawaru
Qazlal
Ru
Sif Muna
Trog
Uskayaw
Vehumet
Wu Jian
Xom
Yredelemnul
Zin
The Shining One
Beogh
Jiyva
Lugonu

Annotations:
D 1 transporter


Innate Abilities, Weirdness & Mutations

You cannot wear most types of armour.
You are very stealthy in the water. (Stealth+)
You are amphibious.
You can wear up to eight rings at the same time.
You can use your tentacles to constrict eight enemies at once.
Your skin changes colour to match your surroundings (Stealth+).
Your rubbery body absorbs attacks. (AC +1, EV +1)


Message History

You hit the ice dragon.
The ice dragon convulses!
The ice dragon is almost dead.
You block the ice dragon's attack.
BOUMMMMG!
You block the ice dragon's attack.
GONNNNG!
The ice dragon tramples you!
You stumble backwards!
Casting: Fireball (safe; 1% risk of failure)
Confirm with . or Enter, or press ? or * to list all spells.
Aiming: Venom Bolt (safe; 1% risk of failure)
Press: ? - help, Shift-Dir - straight line, f - fire dragon, p - ice dragon
Aim: a fire dragon (lightly wounded, catching its breath)
The bolt of poison hits the ice dragon.
The ice dragon is poisoned.
The ice dragon is almost dead.
The bolt of poison hits the fire dragon!
The fire dragon is poisoned.
The fire dragon is lightly wounded.
The ice dragon breathes frost at you. The blast of cold hits you!! You resist.
You die...

▓..[:|)|}.▓≈.)))|"≈≈▓..
▓..|)[}[..▓..}≈|≈}≈.▓..
▓.........▓..≈......▓..
▓.........▓≈.≈..≈≈≈≈▓..
▓....†....▓.≈≈).))..▓..
▓..DD.....▓...≈....≈▓..
▓....DkD..▓.≈.≈(≈≈≈≈▓.▓
▓.▓..DD.▓.▓≈≈.....≈≈▓..
▓....©@...▓≈...©(.≈.▓▓▓
▓▓▓▓▓▓▓▓▓▓▓▓▓▓▓▓▓▓▓▓▓


You could see 2 fire dragons, 2 ice dragons, a death drake, a six-headed hydra
and a steam dragon.

Vanquished Creatures
  4 merfolk javelineers (D)
  A merfolk impaler (D)
  An ice dragon (D)
  An alligator snapping turtle (D)
  A dancing weapon (D)
  A deep elf knight (D)
  2 deep elf magi (D)
  A rust devil (D)
  3 freezing wraiths (D)
  An ice devil (D)
  2 rime drakes (D)
  2 merfolk (D)
  A polar bear (D)
  2 snapping turtles (D)
  A ynoxinul (D)
  A fire elemental (D)
  A wyvern (D)
  2 golden eyes (D)
  A steam dragon (D)
  2 floating eyes (D)
  2 necrophages (D)
  A phantom (D)
  An earth elemental (D)
  4 scorpions (D)
  3 wights (D)
  3 jellies (D)
  3 quasits (D)
  3 iron imps (D)
  2 shadow imps (D)
  A white imp (D)
  2 ufetubi (D)
  2 adder zombies (D)
  2 adder skeletons (D)
  2 bat zombies (D)
  A bat simulacrum (D)
  A giant cockroach zombie (D)
  2 jackal zombies (D)
  A leopard gecko skeleton (D)
  A quokka skeleton (D)
68 creatures vanquished.

Vanquished Creatures (others)
  Margery (D)
  the Lernaean hydra (D)
  9 acid blobs (D)
  Gastronok (D)
  Kirke (D)
  7 azure jellies (D)
  19 death oozes (D)
  Josephine (D)
  A spatial maelstrom (D)
  Maurice (D)
  Joseph (D)
  Grinder (D)
  Sigmund (D)
  Purgy (D)
  Crazy Yiuf (D)
47 creatures vanquished.

Grand Total: 115 creatures vanquished

Notes
Turn   | Place    | Note
-------+----------+-------------------------------------------
     0 | D        | Found the +6 Majin-Bo {vamp, Archmagi MP+6 Int+6}
     0 | D        | Found the +7 great mace "Firestarter" {inner flame, rF++}
     0 | D        | dvd the Octopode Fire Elementalist began the quest for the
                  | Orb.
     0 | D        | Reached XP level 1. HP: 11/11 MP: 3/3
     0 | D        | Found a blossoming altar of Fedhas.
     2 | D        | Found a viscous altar of Jiyva.
     2 | D        | Found a transporter.
     2 | D        | Found a hazy altar of Hepliaklqana.
     2 | D        | Found an ancient bone altar of Kikubaaqudgha.
     2 | D        | Found an opulent altar of Gozag.
     2 | D        | Found a corrupted altar of Lugonu.
     3 | D        | Found a burning altar of Makhleb.
     4 | D        | Found a sacrificial altar of Ru.
     4 | D        | Found a stormy altar of Qazlal.
     4 | D        | Found a deep blue altar of Sif Muna.
     4 | D        | Found an iron altar of Okawaru.
     4 | D        | Found a bloodstained altar of Trog.
     4 | D        | Found a sparkling altar of Nemelex Xobeh.
     5 | D        | Killed Sigmund
     7 | D        | Banished a spatial maelstrom
    21 | D        | Found the +9 heavy crossbow "Sniper" {velocity, Acc+∞ SInv}
    21 | D        | Found the +10 dark maul {crush}
    21 | D        | Found the +15 Maxwell's patent armour {-Cast -Tele rElec
                  | MR+ rCorr}
    21 | D        | Found the +18 shield of the Gong {rElec rN+ MR+ EV-5}
    21 | D        | Found the cursed +14 obsidian axe {chop, +Fly SInv *Curse}
    28 | D        | Found the +6 shillelagh "Devastator" {shatter}
    28 | D        | Found the +11 plutonium sword {*Contam Stlth-}
    28 | D        | Found the +8 lance "Wyrmbane" {slay drac, rPois rF+ rC+
                  | AC+3}
    28 | D        | Found the +9 sword of Zonguldrok {reap}
    28 | D        | Found the cursed +13 scythe of Curses {drain, *Curse}
    28 | D        | Found the +0 sword of Power
    28 | D        | Found the +7 mace of Variability {chain chaos}
    28 | D        | Found the +7 Singing Sword {slice, sonic wave}
    28 | D        | Found the +7 longbow "Piercer" {penet, EV-2}
    72 | D        | Entered arena 2.
    72 | D        | Noticed a floating eye
    72 | D        | Noticed a jelly
    72 | D        | Found a transporter.
    73 | D        | Found the +8 storm bow {elec}
    76 | D        | Killed a floating eye
    76 | D        | Reached skill level 1 in Polearms
    76 | D        | Reached XP level 2. HP: 17/17 MP: 0/7
    76 | D        | Reached XP level 3. HP: 21/21 MP: 0/8
    76 | D        | Reached XP level 4. HP: 27/27 MP: 0/10
    80 | D        | Reached skill level 5 in Stealth
    80 | D        | Reached XP level 5. HP: 25/31 MP: 0/11
   170 | D        | Entered arena 3.
   170 | D        | Noticed a rust devil
   170 | D        | Found a transporter.
   181 | D        | Killed a rust devil
   181 | D        | Reached skill level 1 in Fighting
   181 | D        | Reached skill level 5 in Dodging
   181 | D        | Reached skill level 10 in Fire Magic
   181 | D        | Reached XP level 6. HP: 13/38 MP: 12/15
   181 | D        | Reached XP level 7. HP: 15/43 MP: 12/16
   201 | D        | Learned a level 5 spell: Fireball
   283 | D        | Killed a death ooze
   289 | D        | Killed a death ooze
   297 | D        | Killed an acid blob
   381 | D        | Got the Almanac of Twisted Contamination
   385 | D        | Learned a level 2 spell: Shroud of Golubria
   387 | D        | Entered arena 4.
   387 | D        | Found a transporter.
   391 | D        | Reached skill level 5 in Polearms
   399 | D        | Got the ring of Zuni {MP+9 Str+2 SInv}
   402 | D        | Got the ring of Devotion {Fire +Fly Str+7 Slay-3 SInv}
   452 | D        | Entered arena 5.
   452 | D        | Found a transporter.
   463 | D        | Got the Grimoire of Companions and Displacement
   468 | D        | Got the +9 hand axe of Mevizuf {flame, rF+}
   468 | D        | Killed a death ooze
   482 | D        | Killed a death ooze
   483 | D        | Entered arena 6.
   483 | D        | Noticed a golden eye
   483 | D        | Noticed a golden eye
   483 | D        | Found a transporter.
   484 | D        | Reached skill level 1 in Long Blades
   484 | D        | Reached skill level 1 in Charms
   484 | D        | Reached skill level 1 in Translocations
   484 | D        | Reached XP level 8. HP: 51/51 MP: 18/18
   490 | D        | Paralysed by a floating eye for 2 turns
   494 | D        | Killed Grinder
   495 | D        | Paralysed by a floating eye for 4 turns
   502 | D        | Paralysed by a floating eye for 4 turns
   503 | D        | Killed an azure jelly
   511 | D        | Paralysed by a floating eye for 2 turns
   515 | D        | Reached skill level 5 in Shields
   515 | D        | Reached XP level 9. HP: 50/56 MP: 19/19
   523 | D        | Killed a death ooze
   568 | D        | Killed an azure jelly
   569 | D        | Killed Crazy Yiuf
   587 | D        | Killed an acid blob
   592 | D        | Killed Kirke
   603 | D        | Killed Purgy
   612 | D        | Killed a death ooze
   617 | D        | Killed Gastronok
   621 | D        | Killed a death ooze
   623 | D        | Killed a death ooze
   632 | D        | Learned a level 6 spell: Bolt of Fire
   636 | D        | Killed a death ooze
   639 | D        | Entered arena 7.
   639 | D        | Noticed a deep elf knight
   639 | D        | Noticed a +0 flail of crushing
   639 | D        | Noticed a deep elf mage
   639 | D        | Noticed a deep elf mage
   644 | D        | Killed a deep elf mage
   648 | D        | Killed a deep elf mage
   648 | D        | Killed an acid blob
   651 | D        | Killed a deep elf knight
   651 | D        | Reached XP level 10. HP: 29/65 MP: 14/22
   655 | D        | Found a transporter.
   660 | D        | Killed a death ooze
   674 | D        | Killed a +0 flail of crushing
   674 | D        | Reached skill level 5 in Fighting
   674 | D        | Reached skill level 5 in Conjurations
   702 | D        | Learned a level 2 spell: Blink
   708 | D        | Learned a level 5 spell: Venom Bolt
   742 | D        | Killed Maurice
   765 | D        | Killed an acid blob
   825 | D        | Killed a death ooze
   826 | D        | Killed an acid blob
   835 | D        | Killed Josephine
   838 | D        | Entered arena 8.
   839 | D        | Found a transporter.
   867 | D        | Killed the 27-headed Lernaean hydra
   871 | D        | Killed a death ooze
   872 | D        | Entered arena 9.
   873 | D        | Found a transporter.
   875 | D        | Reached skill level 10 in Stealth
   876 | D        | Reached skill level 10 in Polearms
   892 | D        | Killed Joseph
   972 | D        | Killed an azure jelly
  1012 | D        | Killed an azure jelly
  1032 | D        | Entered arena 10.
  1035 | D        | Found a transporter.
  1052 | D        | Killed an acid blob
  1055 | D        | Got the ring of Wall {rPois Int+4 Dex+2}
  1059 | D        | Got the +10 mace "Icwahos" {drain, rElec MR+}
  1064 | D        | Got Durimyg's Disquisition on Aid
  1072 | D        | Learned a level 6 spell: Deflect Missiles
  1100 | D        | Entered arena 11.
  1101 | D        | Found a transporter.
  1103 | D        | Reached skill level 10 in Shields
  1106 | D        | Killed a death ooze
  1109 | D        | Reached skill level 5 in Poison Magic
  1114 | D        | Got the +4 morningstar "Tusaph" {freeze, MR++ Dex+4}
  1136 | D        | Entered arena 12.
  1136 | D        | Noticed a merfolk javelineer
  1136 | D        | Noticed a merfolk javelineer
  1136 | D        | Noticed a merfolk impaler
  1136 | D        | Noticed a merfolk javelineer
  1136 | D        | Noticed an alligator snapping turtle
  1137 | D        | Noticed a merfolk javelineer
  1138 | D        | Found a transporter.
  1141 | D        | Killed a merfolk javelineer
  1141 | D        | Reached XP level 11. HP: 14/72 MP: 16/24
  1145 | D        | Killed a merfolk impaler
  1145 | D        | Reached skill level 10 in Spellcasting
  1145 | D        | Killed a merfolk javelineer
  1146 | D        | HP: 1/72 [merfolk javelineer/+2 spear of distortion (13)]
  1147 | D        | Killed a merfolk javelineer
  1147 | D        | Reached skill level 10 in Poison Magic
  1148 | D        | Killed a merfolk javelineer
  1165 | D        | Killed an alligator snapping turtle
  1177 | D        | Killed a death ooze
  1181 | D        | Killed an azure jelly
  1193 | D        | Killed an azure jelly
  1270 | D        | Killed a death ooze
  1289 | D        | Killed an acid blob
  1325 | D        | Killed an acid blob
  1333 | D        | Killed a death ooze
  1351 | D        | Killed a death ooze
  1358 | D        | Killed a death ooze
  1364 | D        | Killed an azure jelly
  1376 | D        | Killed an acid blob
  1396 | D        | Killed a death ooze
  1402 | D        | Killed Margery
  1434 | D        | Learned a level 5 spell: Irradiate
  1435 | D        | Entered arena 13.
  1435 | D        | Noticed a six-headed hydra
  1435 | D        | Noticed a fire dragon
  1435 | D        | Noticed a fire dragon
  1436 | D        | Noticed a death drake
  1436 | D        | Noticed an ice dragon
  1436 | D        | Noticed an ice dragon
  1436 | D        | Noticed an ice dragon
  1437 | D        | Found a transporter.
  1439 | D        | Killed an ice dragon
  1441 | D        | Reached skill level 10 in Conjurations
  1444 | D        | Killed from afar by an ice dragon

Skill      XL: |  1  2  3  4  5  6  7  8  9 10 11 |
---------------+----------------------------------+-----
Polearms       | 1 4 6 9 10 11 | 11.0
Dodging        | 3 5 6 7 8 |  8.3
Stealth        | 4 5 6 7 8 12 13 | 13.1
Spellcasting   | 4 6 7 8 9 11 | 11.3
Fire Magic     | 7 10 11 12 13 | 13.1
Fighting       | 1 2 3 4 5 6 |  6.1
Shields        | 2 4 5 7 10 11 | 11.6
Conjurations   | 2 3 4 7 10 | 10.0
Long Blades    | 1 |  1.6
Charms         | 1 2 |  2.0
Translocations | 1 2 |  2.7
Poison Magic   | 3 7 11 | 11.7
Evocations     | |  0.8

Action                   |  1- 3 |  4- 6 |  7- 9 | 10-12 || total
-------------------------+-------+-------+-------+-------++-------
Melee: Lance             |     1 |    13 |    39 |    41 ||    94
       Tentacles         |       |     5 |    12 |    15 ||    32
       Constrict         |       |     1 |     5 |     3 ||     9
 Cast: Flame Tongue      |     2 |     1 |       |       ||     3
       Fireball          |       |       |     4 |    19 ||    23
       Shroud of Golubri |       |       |     2 |       ||     2
       Venom Bolt        |       |       |       |     1 ||     1
Evoke: Wand              |       |       |       |     2 ||     2
  Use: Potion            |       |       |     9 |     7 ||    16
       Scroll            |       |       |       |     1 ||     1
 Stab: Invisible         |       |       |       |     7 ||     7
  Eat: Chunk             |       |       |       |     4 ||     4
Armor: Skin              |       |       |     6 |     1 ||     7
Dodge: Dodged            |       |       |    10 |     4 ||    14
Block: Shield            |       |    13 |    16 |    44 ||    73
